 Dungeon Crawl Stone Soup version 0.28.0-53-g5a82cb258f (webtiles) character file.

Game seed: 10802005954008349090

33 cbfl8 the Skirmisher (level 3, -20/33 HPs)
             Began as a Minotaur Berserker on July 28, 2022.
             Was a Follower of Trog.
             Killed by an exploding ball python (25 damage)
             ... ignited by their inner flame
             ... on level 3 of the Dungeon.
             The game lasted 00:01:21 (1854 turns).

cbfl8 the Skirmisher (Minotaur Berserker)           Turns: 1854, Time: 00:01:22

Health: -20/33     AC:  3    Str: 21    XL:     3   Next: 12%
Magic:  2/2        EV: 12    Int:  4    God:    Trog [*.....]
Gold:   72         SH:  0    Dex: 11    Spells: 2/2 levels left

rFire   . . .      SeeInvis .   h - +0 war axe
rCold   + . .      Faith    .   (no shield)
rNeg    . . .      Spirit   .   i - +0 leather armour
rPois   .          Reflect  .   (helmet restricted)
rElec   .          Harm     .   (no cloak)
rCorr   .          Rampage  .   (no gloves)
Will    .....                   (no boots)
Stlth   +.........              (no amulet)
HPRegen 0.11/turn               g - ring of protection from cold
MPRegen 0.08/turn               (no ring)

@: on berserk cooldown, slowed, very slow
A: horns 2, retaliatory headbutt
a: Renounce Religion, Berserk


You were on level 3 of the Dungeon.
You worshipped Trog.
Trog was aware of your devotion.
You visited 1 branch of the dungeon, and saw 3 of its levels.

You collected 72 gold pieces.

Inventory:

Hand Weapons
 a - a +0 hand axe
 h - a +0 war axe (weapon)
Armour
 b - a +0 animal skin
 i - a +0 leather armour (worn)
Jewellery
 g - a ring of protection from cold (left hand)
Scrolls
 c - a scroll of silence {unknown}
 e - 8 scrolls of identify {unknown}
 j - 3 scrolls of teleportation {unknown}
 k - a scroll of enchant weapon {unknown}
 l - 2 scrolls of blinking {unknown}


   Skills:
 * Level 4.2 Fighting
 + Level 4.0 Axes
 + Level 2.5 Armour
 * Level 2.8 Dodging
 + Level 0.2 Stealth
 * Level 0.2 Evocations


You had 2 spell levels left.
You didn't know any spells.
Your spell library was empty.

Dungeon Overview and Level Annotations

Branches:
Dungeon (3/15)

Altars:

Shops:
D:3 [


Innate Abilities, Weirdness & Mutations

You have a pair of horns on your head.
You reflexively headbutt those who attack you in melee.


Message History

a +0 club; a +0 ring mail Unknown command.
You slash the worm!
The worm is heavily wounded.
You hit the orc but do no damage.
You are no longer berserk.
You are exhausted.
You feel yourself slow down. The orc hits you with a +0 trident.
The worm bites you.
* * * LOW HITPOINT WARNING * * *
You are too injured to fight recklessly!
Unknown command.
You are too injured to fight recklessly!
Unknown command.
You are too injured to fight recklessly!
Unknown command.
You are too injured to fight recklessly!
You are too injured to fight recklessly!
You aren't carrying any potions.
As you read the scroll labelled FAIPLE JEIPIC, it crumbles to dust.
The creatures around you are filled with an inner flame!
It was a scroll of immolation.
The ball python bites you but does no damage.
The ball python closely misses you. The orc closely misses you.
The ball python closely misses you. You furiously retaliate!
You headbutt the ball python.
Flame seeps out of the ball python.
The ball python grabs you. The ball python constricts you.
As you read the scroll labelled CAAMPU XUIKHUN, it crumbles to dust.
It is a scroll of amnesia.
You feel forgetful for a moment.
The ball python is engulfed in blazing flames.
Trog accepts your kill.
The ball python explodes!
The fiery explosion engulfs the orc!!!
Trog accepts your kill.
The fiery explosion engulfs the worm!!
Trog accepts your kill. The fiery explosion engulfs you!!
Ouch! That really hurt!
You die...

#### #.#########...
#....................
####.##...........##....
........................
..................##....
...........#########.#.#
....>.§.§.......####.#..
......§°§#.∩.#.......#..
......§@.............#..
........†..#.........#..
........########.###.#..
........# #..##.#.#
........# ##.##.#.#
........# ..#.#.#
......... ..#.#.#
......... #.# #..


There were no monsters in sight!

Vanquished Creatures
  A worm (D:3)
  5 orcs (D:3)
  3 endoplasms (D:2)
  A goblin (D:2)
  4 hobgoblins
  2 kobolds
  A quokka (D:2)
  5 ball pythons
  2 bats
  3 frilled lizards (D:1)
  5 rats
32 creatures vanquished.

Notes
Turn   | Place    | Note
-------+----------+-------------------------------------------
     0 | D:1      | cbfl8 the Minotaur Berserker began the quest for the Orb.
     0 | D:1      | Reached XP level 1. HP: 19/19 MP: 0/0
   502 | D:1      | Found a faded altar of an unknown god.
   736 | D:1      | Reached XP level 2. HP: 27/27 MP: 1/1
  1827 | D:3      | Found Siogh's Armour Shoppe.
  1846 | D:3      | Reached XP level 3. HP: 31/33 MP: 2/2
  1854 | D:3      | Killed by an exploding ball python... ignited by their
                  | inner flame

Illustrated notes

Levels and vault maps discovered:
D:1:      dpeg_arrival_chambers_temple_mockup, layout_basic,
          hellmonk_ecumenical_altar_run_dry
D:2:      layout_basic
D:3:      minmay_diamond_boxcup, layout_basic, serial_shops, nicolae_shop_stone,
          serial_bayou_crossing

Skill      XL: |  1  2 |
---------------+-------+-----
Fighting       | 4 |  4.2
Axes           | 4 |  4.0
Armour         | |  2.5
Dodging        | |  2.8
Stealth        | |  0.2
Evocations     | |  0.2

Action                   || total
-------------------------++-------
Melee: Hand axe          ||    41
       Headbutt          ||     7
       War axe           ||    32
       Punch             ||     1
Invok: Berserk           ||     1
  Use: Scroll            ||     2
 Stab: Sleeping          ||     1
Armor: Animal skin       ||     9
       Leather armour    ||     7
Dodge: Dodged            ||    46
